 Dungeon Crawl Stone Soup version 0.30-a0-40-gc6d0f036a7 (webtiles) character file.

Game seed: 1552933395617872758

13272 fozzywoppz the Cleaver (level 11, -2/101 HPs)
             Began as a Minotaur Gladiator on Aug 30, 2022.
             Was a High Priest of Okawaru.
             Slain by an eight-headed hydra (11 damage)
             ... on level 11 of the Dungeon.
             The game lasted 00:31:28 (12597 turns).

fozzywoppz the Cleaver (Minotaur Gladiator)        Turns: 12597, Time: 00:31:29

Health: -2/101     AC:  9    Str: 29    XL:     11   Next: 73%
Magic:  0/16       EV: 22    Int:  5    God:    Okawaru [*****.]
Gold:   896        SH:  0    Dex: 12    Spells: 10/10 levels left

rFire   . . .      SeeInvis .    J - +2 broad axe (pain)
rCold   . . .      Faith    .    (no shield)
rNeg    . . .      Spirit   +    K - +0 steam dragon scales
rPois   .          Reflect  .    c - +0 hat
rElec   .          Harm     .    (no cloak)
rCorr   .          Rampage  .    v - +1 pair of gloves
Will    .....                    (no boots)
Stlth   +++.......               u - amulet of guardian spirit
HPRegen 0.26/turn                m - +6 ring of strength
MPRegen 0.15/turn                N - +4 ring of evasion

@: heroic
A: horns 2, retaliatory headbutt
a: Renounce Religion, Heroism, Finesse, Duel


You were on level 11 of the Dungeon.
You worshipped Okawaru.
Okawaru was extremely pleased with you.
You visited 2 branches of the dungeon, and saw 12 of its levels.

You collected 896 gold pieces.

Inventory:

Hand Weapons
 j - a +0 hand axe of electrocution
 J - a +2 broad axe of pain (weapon)
 L - a +2 mace of venom
Missiles
 d - 6 throwing nets (quivered)
 e - a javelin
 h - 8 boomerangs
 B - 26 poisoned darts
 C - 5 boomerangs of dispersal
Armour
 c - a +0 hat (worn)
 s - a +1 leather armour of cold resistance
 v - a +1 pair of gloves (worn)
 F - a scarf of harm
 K - +0 steam dragon scales (worn)
Jewellery
 k - a +6 ring of strength
 m - a +6 ring of strength (left hand)
 u - an amulet of guardian spirit (around neck)
 y - a ring of flight
 N - a +4 ring of evasion (right hand)
 O - a ring of willpower
 Q - a +4 ring of protection
Wands
 b - a wand of mindburst (5)
 r - a wand of polymorph (11)
 D - a wand of flame (4)
 G - a wand of iceblast (7)
 I - a wand of paralysis (8)
Scrolls
 a - a scroll of identify
 l - 2 scrolls of butterflies
 o - a scroll of immolation
 p - 2 scrolls of noise
Potions
 i - a potion of lignification
 n - 2 potions of haste
 q - 3 potions of degeneration
 t - 2 potions of mutation
 w - 3 potions of curing
 x - 3 potions of attraction
 z - 2 potions of flight
 A - a potion of brilliance
 P - a potion of ambrosia {unknown}


   Skills:
 + Level 10.8(15.8) Fighting
 + Level 12.6(17.6) Axes
 + Level 7.0(12.0) Throwing
 - Level 5.0(10.0) Armour
 - Level 9.0(14.0) Dodging
 - Level 8.0 Invocations


You had 10 spell levels left.
You didn't know any spells.
Your spell library contained the following spells:

 Spells                   Type           Power      Damage    Failure   Level
 Beastly Appendage        Tmut           0%         N/A       47%         1
 Freeze                   Ice            0%         1d3       47%         1
 Sandblast                Erth           0%         2d4       47%         1
 Passwall                 Tmut/Erth      0%         N/A       63%         2
 Static Discharge         Conj/Air       0%         3-3/arc   63%         2
 Wereblood                Tmut           0%         N/A       63%         2
 Frozen Ramparts          Ice            0%         1d1       85%         3
 Inner Flame              Hex/Fire       0%         N/A       85%         3
 Spider Form              Tmut/Pois      0%         N/A       85%         3
 Stone Arrow              Conj/Erth      0%         3d7       85%         3
 Cause Fear               Hex            0%         N/A       99%         4
 Hailstorm                Conj/Ice       0%         3d3       99%         4
 Lightning Bolt           Conj/Air       0%         1d11      100%        5
 Discord                  Hex            0%         N/A       100%        8
 Maxwell's Capacitive Co  Air            0%         ∞         100%        8


Dungeon Overview and Level Annotations

Branches:
Dungeon (11/15)            Temple (1/1) D:4            Lair (0/5) D:11
    Orc: D:9-12

Altars:
Ashenzari
Cheibriados
Dithmenos
Elyvilon
Fedhas
Gozag
Hepliaklqana
Kikubaaqudgha
Makhleb
Nemelex Xobeh
Okawaru
Qazlal
Ru
Sif Muna
Trog
Uskayaw
Vehumet
Wu Jian
Xom
Yredelemnul
Zin
The Shining One

Shops:
D:7 [

Portals:
Trove: D:10 (show abyssal rune of Zot)

Annotations:
D:6 1 runed translucent door, sirJeffrey23's ghost, novice MiFi


Innate Abilities, Weirdness & Mutations

You have a pair of horns on your head.
You reflexively headbutt those who attack you in melee.


Message History

You completely miss the seven-headed hydra.
The seven-headed hydra is almost dead.
You slash the acid dragon!
You kill the acid dragon!
Okawaru accepts your kill.
The acid dragon scales are intact enough to wear.
The seven-headed hydra bites you.
The seven-headed hydra barely misses you.
The seven-headed hydra completely misses you.
The seven-headed hydra bites you! The seven-headed hydra bites you.
The seven-headed hydra bites you but does no damage.
The seven-headed hydra closely misses you.
Your Throwing skill increases to level 7!
You hack one of the seven-headed hydra's heads off!
The six-headed hydra grows two more!
You slash the eight-headed hydra!
The eight-headed hydra is almost dead.
The eight-headed hydra misses you. x2; The eight-headed hydra bites you!
* * * LOW HITPOINT WARNING * * *
The eight-headed hydra misses you. x2
The eight-headed hydra completely misses you.
The eight-headed hydra bites you but does no damage.
The eight-headed hydra closely misses you.
Unknown command.
Okay, then.
You gain the combat prowess of a mighty hero.
The eight-headed hydra completely misses you. x2
The eight-headed hydra bites you but does no damage.
The eight-headed hydra completely misses you.
The eight-headed hydra barely misses you.
The eight-headed hydra bites you.
* * * LOW HITPOINT WARNING * * *
The eight-headed hydra misses you.
The eight-headed hydra bites you but does no damage.
You hit the eight-headed hydra.
The eight-headed hydra is almost dead.
You miss something. The eight-headed hydra bites you!
* * * LOW HITPOINT WARNING * * *
The eight-headed hydra closely misses you.
The eight-headed hydra bites you!
You die...

..................#
# #######
####.............#
♣ #.....#
#...#####.)...# ♣
#.♣♣♣.# #...#
#.)...# ♣♣#.....#
#...# #.~...#
.♣#.##+## #...#
##≈≈.### .♣#.#.)#
#...# #≈≈.≈#
.♣#.#..# ♣#[..#
#≈#.≈### .♣#.#)##
♣.D@.# #≈≈##~≈≈#
....#+# .........#
#≈##.#### .♣###D#
♣♣♣.♣....###≈ #≈.#
.♣


Ko# ♣P.♣#..... #~≈## .♣ .W# ♣PD #.....## ##~≈# .♣ #+## .. #...#≈.. #.≈## ♣♣
#...≈≈≈# #.#..# ♣ #......######.# ♣ #.............# You could see an
eight-headed hydra.

Vanquished Creatures
  Harold (D:9)
  2 two-headed ogres
  Pikel (D:6)
  3 manticores
  Maurice (D:9)
  Joseph (D:8)
  A gargoyle (D:9)
  2 unseen horrors (D:11)
  2 kobold demonologists
  Maggie (D:7)
  Psyche (D:9)
  4 trolls
  A hornet (D:10)
  Sigmund (D:5)
  14 yaks
  A wraith (D:11)
  A steam dragon (D:9)
  Menkaure (D:5)
  3 water moccasins (D:11)
  An acid dragon (D:11)
  An ice beast (D:6)
  4 orc warriors
  3 black bears
  2 ogres
  2 centaurs (D:11)
  A phantom (D:5)
  2 kobold brigands
  5 bullfrogs
  Blork the orc (D:6)
  2 gnoll sergeants
  2 necrophages
  A scorpion (D:11)
  3 wights (D:8)
  2 howler monkeys (D:8)
  6 electric eels (D:6)
  A gnoll bouda (D:9)
  2 jellies
  10 orc priests
  4 iguanas
  9 orc wizards
  Robin (D:3)
  8 gnolls
  13 adders
  A shadow imp (D:5)
  3 white imps
  A worm zombie (D:6)
  A worm (D:2)
  4 dart slugs
  45 orcs
  6 endoplasms
  A giant cockroach (D:1)
  21 goblins
  6 hobgoblins
  8 kobolds
  2 quokkas
  A ball python (D:4)
  7 bats
  3 frilled lizards
  6 rats
244 creatures vanquished.

Vanquished Creatures (others)
  46 fungi
  40 plants
86 creatures vanquished.

Grand Total: 330 creatures vanquished

Notes
Turn   | Place    | Note
-------+----------+-------------------------------------------
     0 | D:1      | fozzywoppz the Minotaur Gladiator began the quest for the
                  | Orb.
     0 | D:1      | Reached XP level 1. HP: 18/18 MP: 0/0
   158 | D:1      | Reached XP level 2. HP: 24/25 MP: 1/1
   526 | D:1      | Reached skill level 4 in Axes
   761 | D:2      | Reached XP level 3. HP: 30/31 MP: 2/2
  1451 | D:3      | You fall into a shaft and drop 3 floors!
  1456 | D:5      | Entered Level 5 of the Dungeon
  1536 | D:4      | Noticed a black bear
  1592 | D:5      | Noticed a necrophage
  1618 | D:5      | Killed a necrophage
  1619 | D:5      | Reached skill level 5 in Axes
  1619 | D:5      | Reached XP level 4. HP: 38/38 MP: 3/3
  1682 | D:4      | Killed a black bear
  1683 | D:4      | Reached skill level 6 in Axes
  1683 | D:4      | Reached XP level 5. HP: 37/45 MP: 4/4
  1830 | D:4      | Reached skill level 7 in Axes
  1830 | D:4      | Reached XP level 6. HP: 49/51 MP: 5/5
  1833 | D:4      | Found a staircase to the Ecumenical Temple.
  1843 | Temple   | Entered the Ecumenical Temple
  2385 | D:4      | Reached skill level 8 in Axes
  2582 | D:3      | Found an iron altar of Okawaru.
  2594 | D:3      | Became a worshipper of Warmaster Okawaru
  2637 | D:3      | Found a shadowy altar of Dithmenos.
  3134 | D:3      | Found a faded altar of an unknown god.
  3379 | D:3      | Noticed Robin
  3409 | D:3      | Killed Robin
  3410 | D:3      | Reached XP level 7. HP: 52/57 MP: 6/6
  4061 | D:4      | Reached skill level 9 in Axes
  4095 | D:4      | Found a glowing golden altar of the Shining One.
  4354 | D:5      | Noticed Menkaure
  4358 | D:5      | Killed Menkaure
  4358 | D:5      | Reached * piety under Okawaru
  4359 | D:5      | Reached skill level 1 in Invocations
  4745 | D:5      | Noticed Sigmund
  4754 | D:5      | Killed Sigmund
  4755 | D:5      | Reached skill level 10 in Axes
  4755 | D:5      | Reached XP level 8. HP: 51/66 MP: 6/9
  4950 | D:6      | Reached ** piety under Okawaru
  4983 | D:6      | Reached skill level 5 in Fighting
  5003 | D:6      | Found a runed translucent door.
  5004 | D:6      | Noticed sirJeffrey23's ghost (novice MiFi)
  5085 | D:6      | Noticed Blork the orc
  5091 | D:6      | Killed Blork the orc
  5092 | D:6      | Found a white marble altar of Elyvilon.
  5215 | D:6      | Found a snail-covered altar of Cheibriados.
  5217 | D:6      | Found a glowing silver altar of Zin.
  5241 | D:6      | Found a sacrificial altar of Ru.
  5301 | D:6      | Noticed Pikel
  5330 | D:6      | Noticed a kobold demonologist
  5349 | D:6      | Killed a kobold demonologist
  5350 | D:6      | Reached skill level 5 in Dodging
  5488 | D:6      | Killed Pikel
  5488 | D:6      | Reached *** piety under Okawaru
  5489 | D:6      | Reached skill level 5 in Invocations
  5489 | D:6      | Reached XP level 9. HP: 61/79 MP: 6/11
  5989 | D:7      | Noticed a boulder beetle
  6530 | D:7      | Noticed Maggie
  6541 | D:7      | Killed Maggie
  6541 | D:7      | Received a gift from Okawaru
  6954 | D:7      | Found Lelicerph's Armour Emporium.
  7131 | D:8      | Found a blossoming altar of Fedhas.
  7138 | D:8      | Noticed a two-headed ogre
  7140 | D:8      | Reached skill level 1 in Armour
  7265 | D:8      | HP: 1/82 [two-headed ogre/+0 giant club (22)]
  7267 | D:8      | Killed a two-headed ogre
  7267 | D:8      | Reached **** piety under Okawaru
  7270 | D:8      | Noticed Joseph
  7558 | D:8      | Killed Joseph
  7559 | D:8      | Reached XP level 10. HP: 31/91 MP: 4/12
  8579 | D:9      | Noticed Psyche
  8605 | D:9      | Killed Psyche
  8605 | D:9      | Reached ***** piety under Okawaru
  8859 | D:9      | Reached skill level 10 in Fighting
  8866 | D:9      | Reached skill level 5 in Armour
  9519 | D:9      | Noticed Harold
  9529 | D:9      | Killed Harold
  9530 | D:9      | Reached skill level 11 in Axes
  9536 | D:9      | Noticed a gargoyle
  9663 | D:9      | Killed a gargoyle
  9796 | D:9      | Noticed Maurice
  9809 | D:9      | Killed Maurice
 10096 | D:9      | Received a gift from Okawaru
 10097 | D:9      | Reached skill level 5 in Throwing
 10202 | D:10     | Entered Level 10 of the Dungeon
 10543 | D:10     | Noticed a two-headed ogre
 10548 | D:10     | Killed a two-headed ogre
 10549 | D:10     | Reached XP level 11. HP: 96/99 MP: 13/15
 10608 | D:10     | Identified the +4 cloak "Gyoblong" {Rampage rF++ Dex-4}
 10679 | D:10     | Found an opulent altar of Gozag.
 11050 | D:10     | Found a portal to a secret trove of treasure.
 11543 | D:10     | Reached skill level 12 in Axes
 11797 | D:11     | Noticed a brown ugly thing
 11860 | D:11     | Found a staircase to the Lair.
 12079 | D:11     | Received a gift from Okawaru
 12437 | D:11     | Noticed a fire dragon
 12584 | D:11     | Noticed a five-headed hydra
 12597 | D:11     | Slain by an eight-headed hydra

Illustrated notes

Levels and vault maps discovered:
D:1:      shiori_shiawase, layout_basic, serial_bayou_ford_a
D:2:      layout_basic, minmay_misc_feat_diagonals,
          nicolae_concentric_dashed_squares_mild, minivault_14,
          serial_bayou_pond_d, minmay_strange_pillars, minmay_pentomino_t4
D:3:      layout_basic, grunt_dithmenos_smoke, okawaru_ov_weapons_minmay,
          shapermc_ecumenical_altar_hornbeckon, uniq_robin
D:4:      layout_basic, nicolae_tso_swordbearing_angel,
          minmay_temple_entry_arrows
D:5:      layout_basic, nrook_mini_backslash, uniq_menkaure, uniq_sigmund
D:6:      cheibrodos_two_vegetables, layout_rooms,
          nicolae_overflow_hidden_temple, enter_ossuary_3,
          ebering_ghost_reflecting_pool, uniq_pikel, uniq_blork_the_orc
D:7:      layout_rooms, serial_shops, nicolae_lakefront_shop, uniq_maggie
D:8:      layout_rooms, mainiacjoe_overflow_cross_hatched,
          dreamdust_princess_bridge, uniq_joseph
D:9:      layout_loops_ring, uniq_harold, uniq_psyche, uniq_maurice
D:10:     layout_roguey, mainiacjoe_overflow_paths, enter_trove_6
D:11:     nzn_winding_woodlands_small [nzn_winding_woodlands_5x15_default,
          nzn_winding_woodlands_center_lodge,
          nzn_winding_woodlands_5x15_pathside_ponds], layout_gridville,
          due_lair_maze_entry_diamond, grunt_decor_one_mirror,
          chequers_serial_rivers_small_b, chequers_serial_rivers_small_3,
          nicolae_uskayaw_dance_hall
Temple:   hellmonk_temple_forest_ring

Skill      XL: |  1  2  3  4  5  6  7  8  9 10 11 |
---------------+----------------------------------+-----
Axes           | 4 5 6 7 8 10 11 12 | 12.6
Fighting       | 3 4 7 9 10 | 10.8
Throwing       | 3 5 7 |  7.0
Dodging        | 4 6 8 9 |  9.0
Invocations    | 3 5 6 8 |  8.0
Armour         | 3 5 |  5.0

Action                   |  1- 3 |  4- 6 |  7- 9 | 10-12 || total
-------------------------+-------+-------+-------+-------++-------
Melee: War axe           |    54 |   112 |   144 |       ||   310
       Headbutt          |     9 |    11 |    35 |    55 ||   110
       Broad axe         |       |       |    26 |   258 ||   284
       Punch             |       |       |     1 |     4 ||     5
Throw: Throwing net      |     3 |       |     1 |     3 ||     7
       Javelin           |     1 |       |       |       ||     1
Invok: Heroism           |       |       |     2 |     3 ||     5
       Finesse           |       |       |       |     1 ||     1
Evoke: Wand              |       |       |    10 |     9 ||    19
  Use: Potion            |       |     1 |     2 |     3 ||     6
       Scroll            |       |     1 |     6 |    15 ||    22
 Stab: Paralysed         |       |       |       |     2 ||     2
Armor: Leather armour    |     8 |    37 |    24 |       ||    69
       Ring mail         |     8 |       |       |       ||     8
       Steam dragon scal |       |       |     4 |    70 ||    74
       Skin              |       |       |       |    15 ||    15
Dodge: Dodged            |    38 |    80 |   111 |   235 ||   464

Table legend: (Time is in decaauts)
 A = Elapsed time spent in this place.
 B = Non-inter-level travel time spent in this place.
 C = Inter-level travel time spent in this place.
 D = Time resting spent in this place.
 E = Time spent auto-exploring this place.
 F = Levels seen in this place.
 G = Mean time per level.
                   A        B        C        D        E       F      G
               +--------+--------+--------+--------+--------+-----+--------+
         Total |  12644 |  12389 |    255 |   2952 |   6887 |  12 | 1053.7 |
       Dungeon |  12271 |  12022 |    249 |   2763 |   6772 |  11 | 1115.5 |
        Temple |    373 |    367 |      6 |    189 |    115 |   1 |  373.0 |
               +--------+--------+--------+--------+--------+-----+--------+

Top non-repeatable levels by time:
     D:6: 1587 daAuts
     D:9: 1541 daAuts
    D:10: 1457 daAuts
     D:3: 1176 daAuts
     D:8: 1154 daAuts
     D:4: 1136 daAuts
     D:7: 1071 daAuts
    D:11: 898 daAuts
     D:2: 790 daAuts
     D:5: 779 daAuts
     D:1: 677 daAuts
  Temple: 373 daAuts
